 Dungeon Crawl Stone Soup version 0.32-a0-999-gfa1cc04b1d (webtiles) character file.

Game seed: 4454647008487809903

204 GiantSquids the Ruffian (level 5, -3/36 HPs)
             Began as an Octopode Berserker on Apr 24, 2024.
             Was a Believer of Trog.
             Slain by a gnoll
             ... wielding a +0 flail
              (12 damage)
             ... on level 4 of the Dungeon.
             The game lasted 00:04:16 (2185 turns).

GiantSquids the Ruffian (Octopode Berserker)        Turns: 2185, Time: 00:04:16

Health: -3/36      AC:  1    Str: 18    XL:     5   Next: 82%
Magic:  5/5        EV:  6    Int: 10    God:    Trog [**....]
Gold:   133        SH:  0    Dex: 11    Spells: 4/4 levels left

rFire   . .          .
                       - Unarmed
rCold   . . .        (no shield)
rNeg    . . .        (helmet restricted)
rPois   .            (no amulet)
rElec   .            (no ring)
rCorr   .            (no ring)
SInv    .            (no ring)
Will    .....        (no ring)
Stlth   +++          (no ring)
HPRegen 0.26/turn    (no ring)
MPRegen 0.09/turn    (no ring)
                     (no ring)

%: no passive effects
@: held
A: almost no armour, amphibious, 8 rings, camouflage 1, gelatinous body 1,
(nimble swimmer 1), tentacles
a: Renounce Religion, Berserk, Trog's Hand


You were on level 4 of the Dungeon.
You worshipped Trog.
Trog was pleased with you.
You visited 1 branch of the dungeon, and saw 4 of its levels.

You collected 188 gold pieces.
You spent 55 gold pieces at shops.

Inventory:

Missiles
 s - 5 poisoned darts (quivered)
Jewellery
 n - a ring of see invisible
 r - an amulet of guardian spirit
Talismans
 g - a flux talisman
 m - a blade talisman
Scrolls
 a - a scroll of enchant weapon {unknown}
 b - 3 scrolls of teleportation
 f - 2 scrolls of immolation {unknown}
 i - 2 scrolls of amnesia {unknown}
 j - 2 scrolls of identify
 k - 2 scrolls of noise {unknown}
 o - a scroll of fear {unknown}
Potions
 c - a potion of cancellation {unknown}
 d - a potion of attraction {unknown}
 e - a potion of brilliance {unknown}
 h - a potion of mutation {unknown}
 l - a potion of lignification {unknown}
 p - a potion of might {unknown}
 q - 2 potions of curing {unknown}


   Skills:
 - Level 3.0 Fighting
 - Level 3.0 Dodging
 - Level 3.5 Stealth
 * Level 5.2 Unarmed Combat
 * Level 1.8 Shapeshifting


You had 4 spell levels left.
You didn't know any spells.
Your spell library was empty.

Dungeon Overview and Level Annotations

Branches:
Dungeon (4/15)
 Temple: D:4-7

Altars:
Hepliaklqana

Shops:
D:3 ?


Innate Abilities, Weirdness & Mutations

You cannot wear most types of armour.
You are amphibious.
You can wear up to eight rings at the same time.
Your skin changes colour to match your surroundings (Stealth+).
Your rubbery body absorbs attacks. (AC +1, EV +1)
((You are camouflaged when in or above water. (Stealth+)))
You have tentacles for arms and can constrict up to eight enemies at once.


Message History

You tentacle-slap Menkaure but do no damage.
Menkaure is moderately damaged.
You constrict Menkaure. You tentacle-slap Menkaure.
Menkaure is severely damaged.
You constrict Menkaure. Menkaure barely misses you.
You tentacle-slap Menkaure.
You destroy Menkaure!
Trog accepts your kill.
Trog appreciates your killing of a magic user.
Training target 3.5 for Stealth reached!
Your Unarmed Combat skill increases to level 5!
Your Shapeshifting skill increases to level 1!
You have reached level 5!
You feel clever.
The helpless goblin fails to defend itself.
You bludgeon the goblin!
You kill the goblin!
Trog accepts your kill.
You see here a +0 club.
Found 5 poisoned darts.
Found a stone staircase leading up.
Found 5 stones.
You see here 5 poisoned darts.
s - 5 poisoned darts You open the door. 4 gnolls come into view.
A gnoll is wielding a +0 club and quivering a throwing net.
The gnoll shouts! x2
The gnoll throws a throwing net.
The throwing net hits you.
You become entangled in the net!
There is an open door here.
You see here a throwing net.
You struggle against the net.
You struggle against the net.
You struggle against the net.
The gnoll hits you with a +0 flail!
You struggle against the net.
The gnoll hits you with a +0 whip!
The gnoll hits you from afar with a +0 halberd!
* * * LOW HITPOINT WARNING * * *
The gnoll hits you with a +0 flail!
You die...

#..........)....#
#.......######.##
#.......# #.#
#.......# #+##
#.......# #...#
#......## #.....
#......# #......
#......###.......
#.<......@gg.....
#......###gg.....
#.##.#(# #......
#......# #.....
####.### #...#
#.# #+## #.# ...


You could see 4 gnolls.

Vanquished Creatures
  Menkaure (D:4)
  3 adders (D:2)
  A dart slug (D:2)
  An orc (D:3)
  2 endoplasms (D:2)
  A giant cockroach (D:2)
  2 goblins
  4 hobgoblins
  10 jackals
  3 quokkas
  8 ball pythons
  7 bats
  A frilled lizard (D:3)
  5 kobolds
  6 rats
55 creatures vanquished.

Notes
Turn   | Place    | Note
-------+----------+-------------------------------------------
     0 | D:1      | GiantSquids the Octopode Berserker began the quest for the
                  | Orb.
     0 | D:1      | Reached XP level 1. HP: 16/16 MP: 1/1
   240 | D:1      | Reached skill level 1 in Stealth
   243 | D:1      | Reached XP level 2. HP: 17/21 MP: 2/2
   816 | D:2      | Reached XP level 3. HP: 26/26 MP: 3/3
   920 | D:2      | Reached ** piety under Trog
   940 | D:2      | Reached skill level 4 in Unarmed Combat
  1171 | D:2      | Reached XP level 4. HP: 27/31 MP: 4/4
  1810 | D:3      | Found a faded altar of an unknown god.
  1815 | D:3      | Found a hazy altar of Hepliaklqana.
  2076 | D:3      | Found Noirch's Magic Scroll Boutique.
  2079 | D:3      | Bought a scroll of teleportation for 33 gold pieces
  2079 | D:3      | Bought a scroll of identify for 22 gold pieces
  2151 | D:4      | Noticed Menkaure
  2158 | D:4      | Killed Menkaure
  2159 | D:4      | Reached skill level 5 in Unarmed Combat
  2159 | D:4      | Reached skill level 1 in Shapeshifting
  2159 | D:4      | Reached XP level 5. HP: 36/36 MP: 5/5
  2185 | D:4      | Slain by a gnoll

Illustrated notes

Levels and vault maps discovered:
D:1:      tarquinn_simple_flora_water_a, layout_loops_ring
D:2:      minmay_razor_zed, layout_rooms, serial_park_tiny_1
D:3:      layout_loops_ring, nicolae_overflow_ecumenical_swirl, serial_shops,
          nicolae_shop_rolled_up, minmay_between
D:4:      layout_loops_corners, chequers_temple_overflow_minitemple,
          serial_shops, shop, nicolae_shop_window_shopping,
          nicolae_shop_peninsula, enter_ossuary_1, uniq_menkaure

Skill      XL: |  1  2  3  4 |
---------------+-------------+-----
Stealth        | 1 2 3 |  3.5
Unarmed Combat | 4 5 |  5.2
Shapeshifting  | 1 |  1.8
Fighting       | |  3.0
Dodging        | |  3.0

Action                     |  1- 3 |  4- 6 || total
---------------------------+-------+-------++-------
  Melee: Unarmed           |    60 |    39 ||    99
         Constrict         |    16 |    12 ||    28
         Tentacles         |     9 |     6 ||    15
         Punch             |     1 |     2 ||     3
   Stab: Sleeping          |    10 |     7 ||    17
 Armour: Skin              |    24 |    21 ||    45
  Dodge: Dodged            |    35 |    15 ||    50

Table legend: (Time is in decaauts)
 A = Elapsed time spent in this place.
 B = Non-inter-level travel time spent in this place.
 C = Inter-level travel time spent in this place.
 D = Time resting spent in this place.
 E = Time spent auto-exploring this place.
 F = Levels seen in this place.
 G = Mean time per level.
                   A        B        C        D        E       F      G
               +--------+--------+--------+--------+--------+-----+--------+
         Total |   2176 |   2099 |     77 |    100 |   1612 |   4 |  544.0 |
       Dungeon |   2176 |   2099 |     77 |    100 |   1612 |   4 |  544.0 |
               +--------+--------+--------+--------+--------+-----+--------+

Top non-repeatable levels by time:
     D:1: 728 daAuts
     D:2: 727 daAuts
     D:3: 688 daAuts
     D:4: 33 daAuts
